Map: Magannatha LE

Players

Grateful

  • Race: Terran Terran
  • League: Platinum
  • Spawn Location: 11:00

SubN - Winner!

  • Race: Zerg Zerg
  • League: Diamond
  • Spawn Location: 5:00

VOD

Have the link to the VOD?

Description

Time

  • Played on: July 30, 2025, 9:52 p.m.
  • Length: 3:07
Show
View Real Time Build Order
Export as new Build Order

Grateful Terran 

Build Orders: Reaper Expand 

Get SALT Encoding   

  12  0:00  SCV  
  13  0:12  SCV  
  14  0:21  Supply Depot  
  14  0:25  SCV  
  15  0:46  Barracks  
  15  0:50  Refinery, SCV  
  16  1:02  SCV  
  17  1:15  SCV  
  18  1:29  SCV  
  19  1:36  Reaper  
  20  1:41  Orbital Command  
  20  1:45  Command Center  
  20  1:50  Refinery  
  20  2:08  SCV  
  21  2:09  Supply Depot  
  21  2:13  Marine  
  22  2:26  SCV  
  23  2:32  Factory  
  23  2:38  SCV, Barracks Reactor  
Show
View Real Time Build Order
Export as new Build Order

SubN Zerg - Winner!

Build Orders: Pool First 

Get SALT Encoding   

  12  0:00  Drone  
  13  0:12  Drone  
  14  0:16  Extractor  
  13  0:30  Spawning Pool  
  12  0:55  Hatchery  
  11  1:17  Queen  
  13  1:30  Metabolic Boost  
  13  1:34  Overlord  
  13  1:40  Zergling x2  
  15  1:54  Zergling x4  
  15  2:00  Zergling x2  
  17  2:08  Zergling x4  
  19  2:22  Queen  
  19  2:24  Zergling x2  
  19  2:28  Zergling x2  
  23  2:38  Zergling x4  
Tags
 
Add a new tag
Caveats
  • Supply blocks, unpowered buildings, or Contaminate may cause inaccurate times.
  • Supply counts are checked every 10 seconds.